AoeStats
← MooseMooch

Arena

508850821Analyzed
1v1 RM · 8d ago on Sep 24, 2026· 36m 30s· 2 players
Game mode
Random Map
Map size
Tiny (2 player)
Population
200
Speed
Normal
Resources
Standard
Victory
Conquest
Starting age
Dark Age
Ending age
Imperial Age
RankedLock teamsTeams togetherTeam positionsShared explorationLock speedFull tech treeHidden civsTurbo modeCheats
Victory
Defeat
🇨🇳 Franks · China
1219
+17
🇩🇪 Portuguese · Germany
1236
-17
renpanpan5
9:54 Feudal Age
11:18 Loom
15:13 Castle Age
14:10 Double-Bit Axe
20:42 Wheelbarrow
20:35 Fletching
24:11 Forging
23:28 Light Cavalry
27:29 Town Watch
30:58 Scale Barding Armor
31:10 Gold Mining
33:26 Gold Shaft Mining
34:24 Chain Barding Armor
34:10 Husbandry
35:10 Hand Cart
39:19 Imperial Age
MooseMooch
10:42 Feudal Age
14:54 Castle Age
13:01 Double-Bit Axe
13:16 Horse Collar
17:00 Bow Saw
21:19 Loom
22:10 Wheelbarrow
37:10 Imperial Age
Connection lost

Rejoining the realm…

Still unreachable

The connection could not be restored.

Session expired

The server has moved on; the page needs a fresh start.